 Dungeon Crawl Stone Soup version 0.30-a0-859-gf88a04b62d (webtiles) character file.

Game seed: 10212864211230944135

1 Rocko1345 the Carver (level 1, 0/13 HPs)
             Began as a Gnoll Wanderer on Mar 6, 2023.
             Slain by an endoplasm (3 damage)
             ... on level 1 of the Dungeon.
             The game lasted 00:00:35 (37 turns).

Rocko1345 the Carver (Gnoll Wanderer)                 Turns: 37, Time: 00:00:36

Health: 0/13       AC:  2    Str:  8    XL:     1   Next: 20%
Magic:  1/1        EV: 11    Int: 11    God:
Gold:   0          SH:  0    Dex: 14    Spells: 0/0 levels left

rFire   . . .      SeeInvis .    b - +0 falchion
rCold   . . .      Faith    .    (no shield)
rNeg    . . .      Spirit   .    e - +0 robe
rPois   .          Reflect  .    (no helmet)
rElec   .          Rampage  .    (no cloak)
rCorr   .                        (no gloves)
Will    .....                    (no boots)
Stlth   ++                       (no amulet)
HPRegen 0.22/turn                (no ring)
MPRegen 0.07/turn                (no ring)

@: no status effects
A: fangs 1, strong nose, distributed training
a: no special abilities


You were on level 1 of the Dungeon.
You visited 1 branch of the dungeon, and saw 1 of its levels.

Inventory:

Hand Weapons
 a - a +0 trident
 b - a +0 falchion (weapon)
Armour
 e - a +0 robe (worn)
Scrolls
 d - a scroll of silence
Miscellaneous
 c - a piece from Xom's chessboard (15/15) (quivered)


   Skills:
 + Level 0.0 Fighting
 + Level 0.0 Short Blades
 + Level 10.3 Long Blades
 + Level 0.0 Axes
 + Level 0.0 Maces & Flails
 + Level 6.4 Polearms
 + Level 0.0 Staves
 + Level 0.0 Ranged Weapons
 + Level 0.0 Throwing
 + Level 0.0 Armour
 + Level 0.0 Dodging
 + Level 2.1 Stealth
 + Level 0.0 Shields
 + Level 0.0 Unarmed Combat
 + Level 0.0 Spellcasting
 + Level 0.0 Conjurations
 + Level 0.0 Hexes
 + Level 0.0 Summonings
 + Level 0.0 Necromancy
 + Level 0.0 Translocations
 + Level 0.0 Transmutations
 + Level 0.0 Fire Magic
 + Level 0.0 Ice Magic
 + Level 0.0 Air Magic
 + Level 0.0 Earth Magic
 + Level 0.0 Poison Magic
 + Level 0.0 Invocations
 + Level 2.3 Evocations


You couldn't memorise any spells.
You didn't know any spells.
Your spell library was empty.

Dungeon Overview and Level Annotations

Branches:
Dungeon (1/15)

Altars:


Innate Abilities, Weirdness & Mutations

You have very sharp teeth.
Your uncanny sense of smell can sniff out nearby items.
Your experience applies equally to all skills.


Message History

Welcome, Rocko1345 the Gnoll Wanderer.
Everyone else who sought the Orb of Zot has failed.
Will you be different?
Press ? for a list of commands and other information.
Found a staircase leading out of the dungeon.
You begin with the following items: a +0 trident, a +0 falchion, a piece from Xom's chessboard (15/15), a scroll of silence, a +0 robe.
b - a +0 falchion (weapon)
You open the door.
There is an open door here.
Found 8 stones.
A goblin comes into view. It is wielding a +0 dagger.
The goblin shouts!
You barely miss the goblin. Your punch misses the goblin.
Your bite misses the goblin. You slash the goblin!
You kill the goblin!
An endoplasm comes into view.
Things that are here:
a +0 dagger; a goblin corpse An endoplasm is nearby!
The endoplasm quivers.
You see here 8 stones.
Found a viscous golden potion.
The endoplasm freezes you.
You are frozen.
You hit the endoplasm but do no damage. The endoplasm hits you.
You hit the endoplasm but do no damage. You bite the endoplasm.
The endoplasm is lightly wounded.
The endoplasm closely misses you.
You hit the endoplasm.
The endoplasm is heavily wounded.
You hit the endoplasm.
The endoplasm is severely wounded.
The endoplasm freezes you.
You are frozen.
* * * LOW HITPOINT WARNING * * *
You barely miss the endoplasm.
You bite the endoplasm, but do no damage.
The endoplasm is severely wounded.
The endoplasm hits you.
You die...

∆ ...!... .....
..... #...# #...#
# #...# #.#.J.# #
#.#.@.#.# ###.
#...(...###...#
###..........#
#..)####.....#
#.### .#...# #.#
##......
########'#####...#
#<.............#
######.......###


You could see an endoplasm.

Vanquished Creatures
  A goblin (D:1)
1 creature vanquished.

Notes
Turn   | Place    | Note
-------+----------+-------------------------------------------
     0 | D:1      | Reached skill level 10 in Long Blades
     0 | D:1      | Rocko1345 the Gnoll Wanderer began the quest for the Orb.
     0 | D:1      | Rocko1345 set off with the following items: a +0 trident, a
                  | +0 falchion, a piece from Xom's chessboard (15/15), a
                  | scroll of silence, a +0 robe.
     0 | D:1      | Reached XP level 1. HP: 13/13 MP: 1/1
    37 | D:1      | Slain by an endoplasm

Illustrated notes

Levels and vault maps discovered:
D:1:      amcnicky_arrival_feature_with_door, layout_loops_cross, serial_shops,
          shop, hellmonk_ecumenical_altar_lost_god, minmay_tripent

Skill      XL: | |
---------------+-+-----
Long Blades    | | 10.3
Polearms       | |  6.4
Stealth        | |  2.1
Evocations     | |  2.3

Action                     || total
---------------------------++-------
  Melee: Falchion          ||     7
         Bite              ||     2
  Dodge: Dodged            ||     1

Table legend: (Time is in decaauts)
 A = Elapsed time spent in this place.
 B = Non-inter-level travel time spent in this place.
 C = Inter-level travel time spent in this place.
 D = Time resting spent in this place.
 E = Time spent auto-exploring this place.
 F = Levels seen in this place.
 G = Mean time per level.
                   A        B        C        D        E       F      G
               +--------+--------+--------+--------+--------+-----+--------+
         Total |     35 |     35 |      0 |      0 |      0 |   1 |   35.0 |
       Dungeon |     35 |     35 |      0 |      0 |      0 |   1 |   35.0 |
               +--------+--------+--------+--------+--------+-----+--------+

Top non-repeatable levels by time:
     D:1: 35 daAuts
